 Dungeon Crawl Stone Soup version 0.20-a0-1043-gbd57889 (webtiles) character file.

14213 Murumi the Unseen (level 11, -3/81 HPs)
             Began as a Vampire Enchanter on Apr 24, 2017.
             Was a Priest of Dithmenos.
             Slain by a komodo dragon (31 damage)
             ... on level 2 of the Lair of Beasts.
             The game lasted 01:23:51 (14958 turns).

Murumi the Unseen (Vampire Enchanter)              Turns: 14958, Time: 01:23:51

Health: -3/81      AC:  5    Str:  7    XL:     11   Next: 85%
Magic:  0/18       EV: 17    Int: 17    God:    Dithmenos [***...]
Gold:   358        SH:  0    Dex: 19    Spells: 7/20 levels left

rFire    . . .     SeeInvis +   s - +6 dagger (vamp)
rCold    + + +     Gourm    .   (no shield)
rNeg     + + .     Faith    .   d - +0 robe {MR+}
rPois    +         Spirit   .   B - +0 helmet
rElec    .         Reflect  .   (no cloak)
rCorr    .         Harm     .   q - +1 pair of gloves
MR       ++...                  (no boots)
Stlth    ++++++++++             L - amulet of magic regeneration
Regen    0.2/turn               z - ring of protection from cold
MPRegen  0.3/turn               g - ring of protection from cold (curse)

@: regenerating slowly, wreathed by umbra, studying Ice Magic
A: fangs 3, see invisible, unbreathing
a: Bat Form, Shadow Step, Renounce Religion


You were on level 2 of the Lair of Beasts.
You worshipped Dithmenos.
Dithmenos was most pleased with you.
You were near bloodless.

You visited 3 branches of the dungeon, and saw 11 of its levels.
You also visited: Ossuary and Ice Cave.

You collected 664 gold pieces.
You spent 306 gold pieces at shops.

Inventory:

Hand Weapons
 a - a +1 dagger
 s - a +6 vampiric dagger (weapon)
Armour
 d - a +0 robe of magic resistance (worn)
 q - a +1 pair of gloves (worn)
 B - a +0 helmet (worn)
Jewellery
 g - a cursed ring of protection from cold (right hand)
 i - an uncursed ring of protection from fire
 z - a ring of protection from cold (left hand)
 L - an amulet of magic regeneration (around neck)
Wands
 e - a wand of acid (15/15)
 m - a wand of iceblast (9/15)
 A - a wand of acid (10/15)
 C - a wand of lightning (5/15)
 H - a wand of iceblast (8/15)
 J - a wand of iceblast (4/15)
Scrolls
 h - a scroll of remove curse
 l - a scroll of fog
 n - 3 scrolls of magic mapping
 t - 2 scrolls of enchant armour
 u - 3 scrolls of teleportation
 F - a scroll of blinking
 G - a scroll of identify
Potions
 f - 2 potions of brilliance
 j - 2 potions of flight
 p - 3 potions of magic
 r - 2 potions of resistance
 v - 2 potions of might
 w - a potion of cancellation
 x - 2 potions of curing
 D - a potion of heal wounds
 K - 9 potions of blood
Books
 b - a book of Misfortune

   Spells                             Type                      Level
   a - Confusing Touch                Hexes                        1
   b - Confuse                        Hexes                        3
   c - Gell's Gravitas                Translocation                3
   d - Petrify                        Transmutation/Earth          4
   e - Metabolic Englaciation         Hexes/Ice                    5
   f - Yara's Violent Unravelling     Hexes/Transmutation          5
 c - a book of Maledictions

   Spells                             Type                      Level
   a - Corona                         Hexes                        1
   b - Ensorcelled Hibernation        Hexes/Ice                    2
   c - Confuse                        Hexes                        3
   d - Tukima's Dance                 Hexes                        3
   e - Dazzling Spray                 Conjuration/Hexes            3
 o - a book of Minor Magic

   Spells                             Type                      Level
   a - Magic Dart                     Conjuration                  1
   b - Blink                          Translocation                2
   c - Call Imp                       Summoning                    2
   d - Slow                           Hexes                        2
   e - Conjure Flame                  Conjuration/Fire             3
   f - Mephitic Cloud                 Conjuration/Poison/Air       3
 y - a book of Air

   Spells                             Type                      Level
   a - Shock                          Conjuration/Air              1
   b - Swiftness                      Charms/Air                   2
   c - Static Discharge               Conjuration/Air              3
   d - Airstrike                      Air                          4
   e - Lightning Bolt                 Conjuration/Air              5
 E - a manual of Ice Magic
 I - a manual of Ice Magic


   Skills:
 - Level 6.0 Fighting
 - Level 7.1 Short Blades
 - Level 7.0 Dodging
 + Level 18.8 Stealth
 - Level 5.0 Spellcasting
 - Level 10.0 Hexes
 - Level 3.2 Translocations


You had 7 spell levels left.
You knew the following spells:

 Your Spells              Type           Power        Failure   Level  Hunger
a - Tukima's Dance        Hex            #####...     1%          3    ###....
b - Ensorcelled Hibernat  Hex/Ice        ###...       2%          2    #......
c - Confuse               Hex            #####...     1%          3    ###....
d - Blink                 Tloc           N/A          5%          2    #......
e - Dazzling Spray        Conj/Hex       ###...       5%          3    ###....


Dungeon Overview and Level Annotations

Branches:
Dungeon (8/15)             Temple (1/1) D:7            Lair (2/6) D:8
  Swamp: Lair:2-4    Shoals: Lair:2-4     Snake: Lair:2-4    Spider: Lair:2-4

Altars:
Ashenzari
Cheibriados
Dithmenos
Elyvilon
Fedhas
Gozag
Hepliaklqana
Kikubaaqudgha
Makhleb
Nemelex Xobeh
Okawaru
Qazlal
Ru
Sif Muna
Trog
Uskayaw
Vehumet
Wu Jian
Xom
Yredelemnul
Zin
The Shining One

Shops:
D:4 *}*?   D:8 =


Innate Abilities, Weirdness & Mutations

You heal slowly.
You have razor-sharp teeth.
You have supernaturally acute eyesight. (SInv)
You can survive without breathing.


Message History

The komodo dragon easily resists.
The komodo dragon bites you!!
Casting: Ensorcelled Hibernation
Confirm with . or Enter, or press ? or * to list all spells.
Aiming: Ensorcelled Hibernation
Press: ? - help, Shift-Dir - straight line, f/p - komodo dragon
Aim: a komodo dragon (umbra, chance to defeat MR: 33%)
The komodo dragon easily resists.
The komodo dragon bites you.
Casting: Ensorcelled Hibernation
Confirm with . or Enter, or press ? or * to list all spells.
Aiming: Ensorcelled Hibernation
Press: ? - help, Shift-Dir - straight line, f/p - komodo dragon
Aim: a komodo dragon (umbra, chance to defeat MR: 33%)
The komodo dragon easily resists.
The komodo dragon misses you.
Casting: Ensorcelled Hibernation
Confirm with . or Enter, or press ? or * to list all spells.
Aiming: Ensorcelled Hibernation
Press: ? - help, Shift-Dir - straight line, f/p - komodo dragon
Aim: a komodo dragon (umbra, chance to defeat MR: 33%)
The komodo dragon easily resists.
The komodo dragon bites you!!
You die...

#..######..###P.#*#...##
#..###.....P#*#..*##.##
P..........P#,.#.###..#
...P..###..##,#,#..#.##
#.........#...**##...#
##...###..#...###.#..#
#.### *#.##.#...#.#.#
#.#* *#.###...#..#.#
*#.P* *,.......@....#
*..** *,.P##...l#.###
*,,*****,,*#P.#.#.#.#
**,**,*,,,,#.>..,..##
*,,,,,,,,<#.,...,..#*
,,***,,,,*#*........*
,,,****,,* #....,..##
*,*****,** #....,..#*
,,,**,,,,* *,,,,,,,,*


You could see a komodo dragon.

Vanquished Creatures
  Erica (Lair:1)
  A death yak (Lair:2)
  An unseen horror (D:7)
  A necromancer (IceCv)
  A black mamba (Lair:1)
  A torpor snail (Lair:2)
  A rime drake (Lair:1)
  10 freezing wraiths (IceCv)
  2 komodo dragons (Lair:1)
  A hippogriff (Lair:1)
  7 blink frogs
  6 yaks (Lair:2)
  2 death yak simulacra (IceCv)
  2 porcupines (Lair:1)
  3 water moccasins
  9 ice beasts
  2 sky beasts
  An orc warrior (D:7)
  A black bear (D:6)
  2 necrophages
  3 ogres
  2 centaurs (D:8)
  5 crocodiles
  7 bullfrogs
  A gnoll sergeant (D:7)
  2 scorpions
  5 killer bees
  6 wights (D:8)
  A howler monkey (D:7)
  A bullfrog zombie (D:5)
  A crimson imp (D:6)
  6 draconian simulacra (IceCv)
  4 hounds
  2 human zombies (Ossuary)
  4 orc priests
  8 orc wizards
  6 iguanas
  4 troll simulacra (IceCv)
  5 worker ants
  A polar bear simulacrum (IceCv)
  A wolf simulacrum (IceCv)
  2 centaur simulacra (IceCv)
  2 hound skeletons
  4 mummies (Ossuary)
  4 gnolls (D:7)
  13 adders
  4 naga simulacra (IceCv)
  4 ogre simulacra (IceCv)
  2 shadow imps
  12 white imps (IceCv)
  5 worms
  A dart slug (D:1)
  2 leopard geckos
  26 orcs
  3 giant cockroaches
  3 gnoll zombies (Ossuary)
  6 goblins
  9 hobgoblins
  8 jackals
  10 quokkas
  7 bats
  4 frilled lizards
  A hobgoblin zombie (Ossuary)
  A jackal zombie (Ossuary)
  13 kobolds
  A kobold zombie (Ossuary)
  2 orc zombies (Ossuary)
  A quokka skeleton (D:5)
  10 rats
  2 rat zombies (Ossuary)
292 creatures vanquished.

Vanquished Creatures (collateral kills)
  An ogre (D:4)
  3 wights (D:8)
4 creatures vanquished.

Vanquished Creatures (others)
  2 dancing weapons (D:8)
  A leopard gecko (D:4)
  2 fungi (Lair:2)
  A plant (Lair:2)
6 creatures vanquished.

Grand Total: 302 creatures vanquished

Notes
Turn   | Place    | Note
-------+----------+-------------------------------------------
     0 | D:1      | Murumi the Vampire Enchanter began the quest for the Orb.
     0 | D:1      | Reached XP level 1. HP: 13/13 MP: 3/3
   372 | D:1      | Reached skill level 5 in Stealth
   400 | D:1      | Reached XP level 2. HP: 20/20 MP: 5/5
   404 | D:1      | Learned a level 2 spell: Ensorcelled Hibernation
   424 | D:1      | Reached skill level 1 in Fighting
   710 | D:1      | Reached skill level 6 in Stealth
   719 | D:1      | Reached XP level 3. HP: 26/26 MP: 6/6
  1445 | D:2      | Reached skill level 7 in Stealth
  1479 | D:2      | Reached XP level 4. HP: 32/32 MP: 4/7
  1484 | D:2      | Learned a level 3 spell: Confuse
  2194 | D:2      | Found an ancient bone altar of Kikubaaqudgha.
  2964 | D:3      | Reached XP level 5. HP: 37/37 MP: 8/8
  3637 | D:4      | Reached skill level 8 in Stealth
  3750 | D:4      | Found Lyamot's Gadget Boutique.
  3756 | D:4      | Noticed an ice beast
  3775 | D:4      | Killed an ice beast
  3775 | D:4      | Reached skill level 9 in Stealth
  3775 | D:4      | Reached XP level 6. HP: 38/43 MP: 4/9
  3882 | D:4      | Found Cezoov's Magic Scroll Shop.
  3890 | D:4      | Bought a scroll of magic mapping for 45 gold pieces
  3890 | D:4      | Bought 3 scrolls of identify for 78 gold pieces
  3890 | D:4      | Bought a scroll of identify for 26 gold pieces
  3905 | D:4      | Found Xuppadgh's Assorted Antiques.
  4082 | D:4      | Reached skill level 10 in Stealth
  4375 | D:4      | Found Teiwni's General Store.
  4497 | D:4      | You fall through a shaft for 2 floors!
  4507 | D:6      | Reached XP level 7. HP: 52/52 MP: 0/10
  4535 | D:6      | Found a sand-covered staircase.
  4539 | Ossuary  | Entered an ossuary
  4607 | Ossuary  | HP: 1/53 [gnoll zombie (5)]
  5253 | Ossuary  | Learned a level 3 spell: Tukima's Dance
  5256 | Ossuary  | Learned a level 2 spell: Blink
  5797 | D:5      | Entered Level 5 of the Dungeon
  5820 | D:4      | Reached skill level 1 in Translocations
  5932 | D:4      | Bought a scroll of identify for 24 gold pieces
  6103 | D:4      | Reached skill level 5 in Hexes
  6273 | D:4      | Bought a scroll labeled RAGIHU VEJO for 25 gold pieces
  6274 | D:4      | Bought a scroll of identify for 50 gold pieces
  6386 | D:5      | Reached XP level 8. HP: 60/60 MP: 6/11
  6468 | D:5      | Reached skill level 5 in Dodging
  6923 | D:6      | Reached skill level 11 in Stealth
  8015 | D:7      | Noticed an unseen horror
  8258 | D:7      | Killed an unseen horror
  8258 | D:7      | Reached skill level 13 in Stealth
  8258 | D:7      | Reached XP level 9. HP: 64/64 MP: 5/12
  8621 | D:7      | Learned a level 3 spell: Dazzling Spray
  8673 | D:7      | Found a staircase to the Ecumenical Temple.
  8678 | Temple   | Entered the Ecumenical Temple
  8759 | Temple   | Became a worshipper of Dithmenos the Shadowed
  9444 | D:7      | Reached skill level 14 in Stealth
  9701 | D:8      | Reached skill level 5 in Short Blades
 10693 | D:8      | Reached * piety under Dithmenos
 10693 | D:8      | Reached skill level 15 in Stealth
 10725 | D:8      | Reached XP level 10. HP: 70/70 MP: 14/14
 10727 | D:8      | Found an ornate altar of the Wu Jian Council.
 10728 | D:8      | Found a radiant altar of Vehumet.
 10729 | D:8      | Found a blossoming altar of Fedhas.
 10730 | D:8      | Found a glowing golden altar of the Shining One.
 10731 | D:8      | Found a basalt altar of Yredelemnul.
 10732 | D:8      | Found a bloodstained altar of Trog.
 10752 | D:8      | Found a staircase to the Lair.
 10892 | D:8      | Found Ymopoefu's Jewellery Shoppe.
 10900 | D:8      | Bought a cursed ring of loudness for 58 gold pieces
 11034 | Lair:1   | Entered Level 1 of the Lair of Beasts
 11093 | Lair:1   | Reached skill level 10 in Hexes
 11196 | Lair:1   | Noticed Erica
 11204 | Lair:1   | Killed Erica
 11204 | Lair:1   | Reached skill level 16 in Stealth
 11350 | Lair:1   | Noticed a black mamba
 11357 | Lair:1   | Killed a black mamba
 11357 | Lair:1   | Reached skill level 17 in Stealth
 11655 | Lair:2   | Found a frozen archway.
 12029 | IceCv    | Entered an ice cave
 12249 | IceCv    | Reached ** piety under Dithmenos
 12257 | IceCv    | Reached XP level 11. HP: 76/76 MP: 17/17
 12396 | IceCv    | Found an ancient bone altar of Kikubaaqudgha.
 12543 | IceCv    | Reached skill level 18 in Stealth
 13271 | IceCv    | Reached skill level 5 in Spellcasting
 13334 | IceCv    | Noticed a necromancer
 13420 | IceCv    | Killed a necromancer
 13714 | IceCv    | Reached *** piety under Dithmenos
 14082 | Lair:2   | Noticed a death yak
 14592 | Lair:2   | Killed a death yak
 14592 | Lair:2   | Reached skill level 5 in Fighting
 14958 | Lair:2   | Slain by a komodo dragon

Vault maps used:
D:1:      minmay_arrival_checkered_box, minmay_hexomino_f4
D:2:      wad_woods_stonehenge
D:4:      serial_shops, kennysheep_mini_moat, shop_fountains,
          nicolae_shop_window_shopping, shop_coins, minmay_item_behind_shaft,
          lemuel_flame_loot_1
D:5:      first_bread
D:6:      nicolae_ossuary_entry_false_entrances
D:7:      temple_doors_cd
D:8:      grunt_temple_overflow_open, lair_entry_dummy, serial_shops, shop
Temple:   eino_temple_scatter_basement
Lair:1:   uniq_erica
Lair:2:   portal_ice_cave_entry_pillars_1
Ossuary:  ossuary_minmay_tomb_2a
IceCv:    ice_cave_small_necro

Skill      XL: |  1  2  3  4  5  6  7  8  9 10 11 |
---------------+----------------------------------+-----
Stealth        | 5 6 7 9 10 13 15 17 18 | 18.8
Fighting       | 1 3 4 6 |  6.0
Short Blades   | 3 5 6 7 |  7.1
Translocations | 1 3 |  3.2
Hexes          | 5 7 8 10 | 10.0
Dodging        | 4 5 6 7 |  7.0
Spellcasting   | 3 4 5 |  5.0

Action                   |  1- 3 |  4- 6 |  7- 9 | 10-12 || total
-------------------------+-------+-------+-------+-------++-------
Melee: Dagger            |   128 |   302 |   455 |   410 ||  1295
       Bite              |     7 |    23 |    61 |    58 ||   149
 Cast: Ensorcelled Hiber |     2 |    19 |    44 |    59 ||   124
       Confuse           |       |     1 |    13 |    27 ||    41
       Blink             |       |       |     6 |     9 ||    15
       Tukima's Dance    |       |       |    14 |       ||    14
       Dazzling Spray    |       |       |       |     3 ||     3
 Abil: End Transformatio |       |       |       |     5 ||     5
       Bat Form          |       |       |       |     5 ||     5
  Use: Scroll            |     2 |     8 |    19 |     5 ||    34
       Potion            |       |     8 |    18 |     9 ||    35
 Stab: Sleeping          |    15 |    24 |    47 |    40 ||   126
       Distracted        |     1 |     1 |     3 |     9 ||    14
       Confused          |       |     2 |     3 |    13 ||    18
       Invisible         |       |       |     3 |     2 ||     5
  Eat: Corpse            |       |       |       |     1 ||     1
Armor: Robe              |    34 |    38 |    77 |    32 ||   181
       Skin              |       |    14 |       |       ||    14
Dodge: Dodged            |    82 |   160 |   301 |   321 ||   864
